 Dungeon Crawl Stone Soup version 0.32-a0-422-g28b100f618 (webtiles) character file.

Game seed: 7429899555860867014

147 timneilson the Ruffian (level 5, -3/35 HPs)
             Began as an Octopode Shapeshifter on Feb 22, 2024.
             Killed from afar by an orc wizard (7 damage)
             ... with a magic dart
             ... on level 4 of the Dungeon.
             The game lasted 00:03:36 (2243 turns).

timneilson the Ruffian (Octopode Shapeshifter)      Turns: 2243, Time: 00:03:36

Health: -3/35      AC:  1    Str: 15    XL:     5   Next: 29%
Magic:  5/5        EV: 13    Int: 13    God:
Gold:   147        SH:  0    Dex: 11    Spells: 4/4 levels left

rFire   . .          .
                       - Unarmed
rCold   . . .        (no shield)
rNeg    . . .        (helmet currently unavailable)
rPois   .            (no amulet)
rElec   .            (no ring)
rCorr   .            (no ring)
SInv    .            (no ring)
Will    .....        (no ring)
Stlth   +++          (no ring)
HPRegen 0.25/turn    (no ring)
MPRegen 0.09/turn    (no ring)
                     (no ring)

%: no passive effects
@: beast-form
A: beast (slay +2), almost no armour, amphibious, 8 rings, camouflage 1,
gelatinous body 1, (nimble swimmer 1), tentacles
a: Begin Untransformation


You were on level 4 of the Dungeon.
You were a hulking beast.
You visited 1 branch of the dungeon, and saw 4 of its levels.

You collected 147 gold pieces.

Inventory:

Missiles
 m - 2 poisoned darts (quivered)
Talismans
 b - a beast talisman (active)
 c - a flux talisman
Scrolls
 e - a scroll of immolation
 f - 2 scrolls of noise
 l - 3 scrolls of teleportation
 o - a scroll of identify
Potions
 a - 2 potions of lignification
 d - 2 potions of heal wounds
 g - 2 potions of mutation
 h - 2 potions of cancellation
 i - a potion of enlightenment {unknown}
 j - a potion of might {unknown}
 k - 2 potions of magic {unknown}
 n - a potion of curing {unknown}


   Skills:
 * Level 2.3 Fighting
 * Level 2.9 Dodging
 + Level 2.1 Stealth
 * Level 3.8 Unarmed Combat
 * Level 3.6 Shapeshifting


You had 4 spell levels left.
You didn't know any spells.
Your spell library contained the following spells:

 Spells                   Type           Power      Damage    Failure   Level
 Shock                    Conj/Air       0%         1d3       30%         1
 Mercury Vapours          Alch/Air       0%         N/A       43%         2
 Mephitic Cloud           Conj/Alch/Air  0%         N/A       67%         3
 Swiftness                Air            0%         N/A       67%         3
 Airstrike                Air            0%         2d(0-16)  97%         4
 Freezing Cloud           Conj/Ice/Air   0%         6-21      100%        5


Dungeon Overview and Level Annotations

Branches:
Dungeon (4/15)
 Temple: D:4-7

Altars:

Shops:
D:3 [


Innate Abilities, Weirdness & Mutations

You are a hulking beast.
Your limbs bulge with bestial killing power. (Slay +2)
You cannot wear most types of armour.
You are amphibious.
You can wear up to eight rings at the same time.
Your skin changes colour to match your surroundings (Stealth+).
Your rubbery body absorbs attacks. (AC +1, EV +1)
((You are camouflaged when in or above water. (Stealth+)))
You have tentacles for arms and can constrict up to eight enemies at once.


Message History

You kill the orc priest!
The orc hits you with a +0 short sword. The orc hits you with a +0 war axe!
Your Stealth skill increases to level 2!
You have reached level 5!
You feel clever.
You tentacle-slap the orc. You grab the orc.
The orc is almost dead.
You constrict the orc.
You kill the orc!
You hear some strange, mumbled words.
Something tries to affect you, but you resist.
The orc hits you with a +0 war axe.
You barely miss the orc. You grab the orc. You squeeze the orc.
The orc is heavily wounded.
You constrict the orc. The orc misses you.
You bludgeon the orc!
You kill the orc!
Something hits you.
You bludgeon the orc! You grab the orc.
The orc is almost dead.
You constrict the orc.
You kill the orc!
You hear some strange, mumbled words.
A magic dart appears from out of thin air!
The magic dart hits you!
Items here: )) [ ††.
You miss something. Something hits you.
* * * LOW HITPOINT WARNING * * *
You tentacle-slap something but do no damage.
Something completely misses you.
You tentacle-slap something but do no damage.
Something hits you.
* * * LOW HITPOINT WARNING * * *
You miss something. You squeeze something. Something hits you.
* * * LOW HITPOINT WARNING * * *
You barely miss something.
You hear some strange, mumbled words.
A magic dart appears from out of thin air!
The magic dart hits you!
You die...

.............####.............#
#...............#............##
.....#........................#
##...##......>...#....(.......##
.....##.........###......##....##
#......)##......##(.......#......
##.......##.....)......#####.....
#........####...{.##.l...###.....
........## ##..h.##.#O..........
........... #..####.#...........
........#>.....## #..............
.########.#..... #..##.#.<.......
..# ...#..# #.. ###....#...#
..... ....... #. ......# ...
...#.. ...###. #....#..# .# ..##
# #. ##...##.. # ..# #... ...


There were no monsters in sight!

Vanquished Creatures
  An orc priest (D:4)
  An iguana (D:4)
  A dart slug (D:2)
  A ribbon worm (D:3)
  3 orcs (D:4)
  A bat (D:1)
  8 endoplasms
  4 giant cockroaches
  A goblin (D:4)
  3 hobgoblins
  5 quokkas
  4 ball pythons
  4 frilled lizards
  3 kobolds
  7 rats
  A spectral goblin (D:2)
48 creatures vanquished.

Notes
Turn   | Place    | Note
-------+----------+-------------------------------------------
     0 | D:1      | timneilson the Octopode Shapeshifter began the quest for
                  | the Orb.
     0 | D:1      | Reached XP level 1. HP: 13/13 MP: 1/1
   165 | D:1      | Reached XP level 2. HP: 18/18 MP: 2/2
   323 | D:1      | Reached skill level 1 in Stealth
   369 | D:1      | Reached XP level 3. HP: 19/23 MP: 3/3
  1040 | D:2      | Found a faded altar of an unknown god.
  1627 | D:3      | You fall into a shaft and drop 1 floor!
  1634 | D:4      | Noticed an ogre
  1648 | D:3      | Reached XP level 4. HP: 28/29 MP: 4/4
  1648 | D:3      | Found Ruzxe Zenuy's Armour Shoppe.
  2234 | D:4      | Reached XP level 5. HP: 21/35 MP: 5/5
  2243 | D:4      | Killed from afar by an orc wizard

Illustrated notes

Levels and vault maps discovered:
D:1:      roderic_chinese_lattice_arrival, layout_basic
D:2:      layout_rooms, dreamdust_ecumenical_altar_drowned_temple
D:3:      layout_loops_ring, serial_shops, shop
D:4:      layout_cave_pools

Skill      XL: |  1  2  3  4 |
---------------+-------------+-----
Stealth        | 1 2 |  2.1
Fighting       | 2 |  2.3
Dodging        | |  2.9
Unarmed Combat | |  3.8
Shapeshifting  | |  3.6

Action                     |  1- 3 |  4- 6 || total
---------------------------+-------+-------++-------
  Melee: Unarmed           |    51 |    35 ||    86
         Tentacles         |    11 |     8 ||    19
         Constrict         |    12 |    11 ||    23
         Punch             |     1 |     1 ||     2
  Throw: Dart              |       |     4 ||     4
    Use: Scroll            |     7 |     3 ||    10
   Stab: Sleeping          |    13 |     4 ||    17
 Armour: Skin              |    10 |    12 ||    22
  Dodge: Dodged            |    28 |    15 ||    43

Table legend: (Time is in decaauts)
 A = Elapsed time spent in this place.
 B = Non-inter-level travel time spent in this place.
 C = Inter-level travel time spent in this place.
 D = Time resting spent in this place.
 E = Time spent auto-exploring this place.
 F = Levels seen in this place.
 G = Mean time per level.
                   A        B        C        D        E       F      G
               +--------+--------+--------+--------+--------+-----+--------+
         Total |   2236 |   2172 |     64 |      9 |   1722 |   4 |  559.0 |
       Dungeon |   2236 |   2172 |     64 |      9 |   1722 |   4 |  559.0 |
               +--------+--------+--------+--------+--------+-----+--------+

Top non-repeatable levels by time:
     D:1: 1000 daAuts
     D:3: 638 daAuts
     D:2: 456 daAuts
     D:4: 140 daAuts
